 Dungeon Crawl Stone Soup version 0.26-a0-1033-gd598b01645 (webtiles) character file.

Game seed: 1235806950472182751

39 timneilson the Covered (level 3, -13/23 HPs)
             Began as a Gargoyle Fighter on Dec 10, 2020.
             Mangled by an ogre
             ... wielding a +0 giant spiked club
              (21 damage)
             ... on level 2 of the Dungeon.
             The game lasted 00:01:36 (948 turns).

timneilson the Covered (Gargoyle Fighter)            Turns: 948, Time: 00:01:37

Health: -13/23     AC: 11    Str: 20    XL:     3   Next: 45%
Magic:  3/3        EV:  7    Int:  8    God:
Gold:   111        SH:  9    Dex:  9    Spells: 2/2 levels left

rFire    . . .     SeeInvis .   a - +0 long sword
rCold    . . .     Faith    .   c - +0 kite shield
rNeg     + . .     Spirit   .   b - +0 scale mail
rPois    ∞         Reflect  .   (no helmet)
rElec    +         Harm     .   (no cloak)
rCorr    .         Rampage  .   l - +0 pair of gloves
Will     .....                  (no boots)
Stlth    ..........             (no amulet)
HPRegen  0.07/turn              (no ring)
MPRegen  0.08/turn              (no ring)

@: mighty
A: negative energy resistance 1, electricity resistance, unbreathing,
petrification resistance, rot immunity, AC +3
a: no special abilities


You were on level 2 of the Dungeon.
You visited 1 branch of the dungeon, and saw 2 of its levels.

You collected 111 gold pieces.

Inventory:

Hand Weapons
 a - a +0 long sword (weapon)
Armour
 b - a +0 scale mail (worn)
 c - a +0 kite shield (worn)
 l - a +0 pair of gloves (worn)
Scrolls
 g - a scroll of remove curse
Potions
 d - a potion of might
 h - a potion of brilliance
 i - a potion of ambrosia {unknown}
 k - a potion of attraction {unknown}


   Skills:
 + Level 3.4 Fighting
 - Level 0.4(1.3) Short Blades
 * Level 2.1 Long Blades
 * Level 4.0 Armour
 * Level 3.7 Shields


You had 2 spell levels left.
You didn't know any spells.
Your spell library was empty.

Dungeon Overview and Level Annotations

Branches:
Dungeon (2/15)

Altars:


Innate Abilities, Weirdness & Mutations

You are resistant to torment.
Your stone body is resilient. (AC +3)
You are immune to poison.
You resist negative energy. (rN+)
You are resistant to electric shocks. (rElec)
You can survive without breathing.
You are immune to petrification.
You are immune to rotting.


Message History

You are too injured to fight recklessly!
You are too injured to fight recklessly!
You are too injured to fight recklessly!
You are too injured to fight recklessly!
You are too injured to fight recklessly!
You are too injured to fight recklessly!
You are too injured to fight recklessly!
You are too injured to fight recklessly!
You are too injured to fight recklessly!
You are too injured to fight recklessly!
You are too injured to fight recklessly!
You are too injured to fight recklessly!
You are too injured to fight recklessly!
You are too injured to fight recklessly!
You are too injured to fight recklessly!
Unknown command.
You feel very mighty all of a sudden.
The ogre hits you with a +0 giant spiked club!!
Ouch! That really hurt!
You die...

####### #.....# .
#.###.# ... #.#
#.# ##
.....#######.###.#
.###
#..$.O@.(..(..#.#
...
.....#######.#.#.#
.# #.# #.#.#.# .#
#.....# ≈# ###.###
.# ##+## ####...#
≈# ##...##
#......# .#
##.....## #.##...#
.## ##.......##
#..#####


You could see an ogre.

Vanquished Creatures
  An adder (D:2)
  A dart slug (D:1)
  A leopard gecko (D:2)
  3 bats
  2 giant cockroaches (D:1)
  4 goblins
  4 hobgoblins
  3 frilled lizards
  5 kobolds
  3 rats (D:2)
27 creatures vanquished.

Notes
Turn   | Place    | Note
-------+----------+-------------------------------------------
     0 | D:1      | timneilson the Gargoyle Fighter began the quest for the
                  | Orb.
     0 | D:1      | Reached XP level 1. HP: 14/14 MP: 1/1
   107 | D:1      | Reached XP level 2. HP: 19/19 MP: 2/2
   767 | D:2      | Found a faded altar of an unknown god.
   777 | D:2      | Reached XP level 3. HP: 23/23 MP: 3/3
   941 | D:2      | Noticed an ogre
   946 | D:2      | Reached skill level 4 in Armour
   948 | D:2      | Mangled by an ogre

Illustrated notes

Levels and vault maps discovered:
D:1:      dpeg_arrival_lava_temple_mockup, layout_basic, minmay_domino_4
D:2:      layout_loops_corners, lemuel_coloured_pillars_altar,
          chequers_ecumenical_altar_island

Skill      XL: |  1  2  3 |
---------------+----------+-----
Long Blades    | 2 |  2.1
Armour         | 4 |  4.0
Fighting       | |  3.4
Short Blades   | |  0.4
Shields        | |  3.7

Action                   || total
-------------------------++-------
Melee: Long sword        ||    78
  Use: Scroll            ||     4
       Potion            ||     1
Armor: Scale mail        ||    45
Dodge: Dodged            ||    23
Block: Kite shield       ||    47
       Rpst.: Long sword ||     8

Table legend: (Time is in decaauts)
 A = Elapsed time spent in this place.
 B = Non-inter-level travel time spent in this place.
 C = Inter-level travel time spent in this place.
 D = Time resting spent in this place.
 E = Time spent auto-exploring this place.
 F = Levels seen in this place.
 G = Mean time per level.
                   A        B        C        D        E       F      G
               +--------+--------+--------+--------+--------+-----+--------+
         Total |    980 |    907 |     73 |      0 |    702 |   2 |  490.0 |
       Dungeon |    980 |    907 |     73 |      0 |    702 |   2 |  490.0 |
               +--------+--------+--------+--------+--------+-----+--------+

Top non-repeatable levels by time:
     D:1: 683 daAuts
     D:2: 296 daAuts
